AoeStats
← FedeSanta

Black Forest

509400153Analyzed
4v4 RM · 5d ago on Sep 26, 2026· 67m 59s· 8 players
Game mode
Random Map
Map size
Large (8 player)
Population
200
Speed
Normal
Resources
Standard
Victory
Conquest
Starting age
Dark Age
Ending age
Imperial Age
RankedLock teamsTeams togetherTeam positionsShared explorationLock speedFull tech treeHidden civsTurbo modeCheats
Victory
Defeat
🇺🇸 Celts · United States
757
+5
🇪🇸 Slavs · Spain
685
+7
🇺🇸 Ethiopians · United States
647
+8
🇺🇸 Romans · United States
613
+9
🇨🇳 Sicilians · China
548
-9
🇮🇹 Romans · Italy
506
-9
🇪🇸 Byzantines · Spain
436
-7
🇺🇸 Chinese · United States
325
-4
SegrePuigmal
14:07 Feudal Age
15:04 Double-Bit Axe
23:49 Castle Age
21:45 Horse Collar
23:24 Scale Mail Armor
24:41 Bow Saw
28:08 Chain Mail Armor
34:59 Imperial Age
35:57 Elite Varangian Guard
36:48 Padded Archer Armor
37:23 Heavy Plow
39:44 Leather Archer Armor
42:40 Plate Mail Armor
42:39 Conscription
42:24 Pikeman
44:17 Elite Skirmisher
47:02 Halberdier
47:31 Arson
47:47 Squires
47:34 Gambesons
48:39 Ring Archer Armor
56:30 Forging
56:11 Fletching
56:30 Scale Barding Armor
59:01 Iron Casting
60:15 Heavy Camel Rider
64:33 Chain Barding Armor
FedeSanta
0:31 Loom
14:13 Feudal Age
15:18 Double-Bit Axe
15:27 Gold Mining
15:48 Man-at-Arms
16:50 Horse Collar
21:28 Castle Age
22:42 Heavy Plow
22:39 Long Swordsman
25:04 Gold Shaft Mining
25:55 Squires
26:43 Stone Mining
28:35 Wheelbarrow
29:21 Coinage
28:41 Pikeman
34:05 Imperial Age
32:39 Ballistas
33:14 Caravan
33:34 Forging
33:25 Scale Mail Armor
34:39 Murder Holes
34:55 Fortified Wall
35:25 Iron Casting
35:37 Conscription
35:16 Capped Ram
35:50 Halberdier
39:03 Banking
41:12 Padded Archer Armor
43:26 Masonry
45:15 Husbandry
46:32 Hand Cart
48:13 Blast Furnace
48:27 Scale Barding Armor
48:56 Architecture
52:46 Guilds
52:13 Elite Centurion
LAI32
15:37 Feudal Age
17:18 Horse Collar
17:25 Double-Bit Axe
23:30 Wheelbarrow
28:35 Castle Age
32:54 Stone Mining
32:54 Gold Mining
33:19 Forging
33:10 Scale Mail Armor
34:06 Masonry
34:54 Heavy Plow
35:33 Gold Shaft Mining
35:34 Stone Shaft Mining
35:14 Bow Saw
35:32 First Crusade
41:52 Imperial Age
39:12 Loom
39:45 Hand Cart
40:16 Iron Casting
42:17 Chain Mail Armor
42:36 Elite Serjeant
44:09 Conscription
46:03 Ballistics
46:45 Chemistry
50:45 Blast Furnace
50:16 Plate Mail Armor
liuzi!
0:40 Loom
20:45 Feudal Age
21:10 Horse Collar
21:20 Double-Bit Axe
22:15 Wheelbarrow
21:26 Town Watch
22:43 Gold Mining
22:44 Stone Mining
22:54 Town Watch
31:45 Castle Age
34:01 Arson
34:17 Squires
33:37 Pikeman
34:48 Hand Cart
34:33 Town Patrol
34:38 Heavy Plow
34:55 Bow Saw
35:41 Stone Shaft Mining
36:49 Guard Tower
36:59 Murder Holes
37:56 Gold Shaft Mining
37:41 Forging
37:32 Scale Mail Armor
40:13 Iron Casting
43:03 Masonry
42:56 Scale Mail Armor
42:58 Padded Archer Armor
42:50 Fletching
54:26 Chain Mail Armor
54:26 Leather Archer Armor
54:07 Bodkin Arrow
54:44 Ballistics
DuceDubz
0:32 Loom
21:14 Feudal Age
21:57 Horse Collar
22:06 Double-Bit Axe
22:32 Gold Mining
23:36 Wheelbarrow
24:12 Stone Mining
27:07 Arson
31:17 Castle Age
29:24 Fletching
29:45 Forging
29:50 Scale Mail Armor
33:07 Caravan
33:38 Coinage
33:25 Heavy Plow
33:40 Bow Saw
33:39 Pikeman
39:51 Imperial Age
38:05 Bodkin Arrow
40:08 Onager
43:24 Siege Onager
44:23 Fortified Wall
46:16 Siege Engineers
46:33 Ballistics
46:07 Halberdier
48:13 Chemistry
50:16 Iron Casting
49:57 Chain Mail Armor
50:20 Banking
50:07 Guilds
50:45 Heavy Scorpion
53:53 Stronghold
54:14 Furor Celtica
55:55 Gold Shaft Mining
62:37 Elite Woad Raider
69:38 Blast Furnace
69:09 Plate Mail Armor
matticus23
0:29 Loom
12:31 Feudal Age
13:50 Wheelbarrow
13:05 Double-Bit Axe
20:45 Castle Age
18:47 Man-at-Arms
19:53 Stone Mining
19:57 Gold Mining
20:06 Horse Collar
25:31 Hand Cart
30:10 Fervor
30:14 Ballistas
30:34 Heavy Plow
30:49 Bow Saw
31:20 Gold Shaft Mining
30:48 Town Watch
34:40 Imperial Age
34:29 Scale Mail Armor
34:40 Forging
34:36 Scale Barding Armor
34:21 Fletching
34:32 Padded Archer Armor
34:47 Fortified Wall
34:57 Ballistics
34:50 Masonry
34:51 Careening
34:40 Murder Holes
34:22 Long Swordsman
35:58 Crop Rotation
35:41 Legionary
36:59 Siege Engineers
37:08 Squires
37:36 Conscription
38:41 Architecture
39:17 Chemistry
38:37 Chain Mail Armor
38:58 Iron Casting
38:40 Leather Archer Armor
38:50 Caravan
42:43 Comitatenses
43:27 Blast Furnace
42:48 Chain Barding Armor
42:23 Bodkin Arrow
42:59 Ring Archer Armor
43:09 Heavy Scorpion
50:15 Light Cavalry
50:57 Husbandry
51:07 Bloodlines
52:03 Capped Ram
53:26 Plate Barding Armor
61:30 Siege Ram
66:23 Spies/Treason
LISTER
3:40 Loom
13:16 Feudal Age
21:22 Castle Age
21:05 Wheelbarrow
22:27 Town Watch
23:18 Fletching
26:36 Double-Bit Axe
29:03 Gold Mining
29:28 Pikeman
30:31 Caravan
31:11 Bodkin Arrow
31:22 Detinets
32:26 Bow Saw
33:00 Hand Cart
33:46 Scale Barding Armor
36:22 Horse Collar
39:39 Imperial Age
37:43 Forging
37:58 Heavy Plow
38:56 Chain Barding Armor
39:13 Bloodlines
39:03 Husbandry
39:47 Ballistics
41:03 Conscription
42:24 Gold Shaft Mining
42:47 Plate Barding Armor
43:51 Chemistry
43:12 Capped Ram
45:39 Iron Casting
45:15 Halberdier
47:02 Heavy Cavalry Archer
47:47 Druzhina
50:15 Elite Boyar
50:47 Light Cavalry
52:22 Siege Ram
53:56 Town Patrol
54:17 Squires
56:40 Blast Furnace
55:41 Scale Mail Armor
56:15 Crop Rotation
67:07 Spies/Treason
CHIP
1:06 Loom
19:21 Feudal Age
21:20 Wheelbarrow
20:27 Horse Collar
20:34 Double-Bit Axe
20:42 Gold Mining
20:55 Stone Mining
22:19 Scale Mail Armor
22:30 Forging
22:21 Padded Archer Armor
22:11 Fletching
22:29 Scale Barding Armor
26:15 Castle Age
25:48 Man-at-Arms
28:14 Caravan
27:44 Crossbowman
29:26 Stone Shaft Mining
29:29 Gold Shaft Mining
30:59 Bodkin Arrow
31:20 Leather Archer Armor
31:30 Chain Barding Armor
31:46 Iron Casting
31:18 Heavy Plow
31:31 Bow Saw
33:03 Hand Cart
33:03 Husbandry
32:31 Elite Skirmisher
34:59 Royal Heirs
36:53 Hand Cart
36:57 Chain Mail Armor
46:14 Imperial Age
46:13 Thumb Ring
48:43 Bracer
49:44 Blast Furnace
49:14 Plate Mail Armor
49:15 Ring Archer Armor
49:28 Halberdier
50:09 Squires
49:54 Arson
49:36 Arbalester
52:32 Two-Man Saw
53:47 Guilds
54:27 Ballistics
55:08 Chemistry
54:21 Siege Engineers
54:07 Heavy Camel Rider
Connection lost

Rejoining the realm…

Still unreachable

The connection could not be restored.

Session expired

The server has moved on; the page needs a fresh start.